 Dungeon Crawl Stone Soup version 0.17-a0-1871-gdc8eb4e (webtiles) character file.

139 Herrn the Firebug (level 5, 0/38 HPs)
             Began as a Formicid Fire Elementalist on Sept 21, 2015.
             Succumbed to a kobold's poison
             ... on level 2 of the Dungeon.
             The game lasted 00:10:41 (2655 turns).

Herrn the Firebug (Formicid Fire Elementalist)      Turns: 2655, Time: 00:10:41

Health: 0/38       AC:  3    Str: 12      XL:     5   Next: 46%
Magic:  2/8        EV: 12    Int: 16      God:
Gold:   71         SH:  3    Dex:  8 (11) Spells: 1 memorised, 7 levels left

rFire  . . .     SeeInvis +     e - +0 hand axe
rCold  . . .     Clarity  .     f - +0 robe
rNeg   . . .     SustAt   .     h - +0 buckler
rPois  .         Gourm    .     (helmet unavailable)
rElec  .         Spirit   .     l - +0 cloak
rCorr  .         Warding  .     (no gloves)
rMut   .         Stasis   +     (no boots)
MR     .....                    (no amulet)
Stlth  ++........               (no ring)
                                (no ring)

@: lethally poisoned (0 -> -8), not resistant to hostile enchantments,
unstealthy
A: permanent stasis, dig shafts and tunnels, four strong arms, antennae 3
a: Dig, Shaft Self


You were on level 2 of the Dungeon.
You were very hungry.

You visited 1 branch of the dungeon, and saw 3 of its levels.

You collected 71 gold pieces.

Inventory:

Hand weapons
 e - a +0 hand axe (weapon)
Armour
 f - a +0 robe (worn)
 h - a +0 buckler (worn)
 l - a +0 cloak (worn)
Scrolls
 a - a scroll of noise {unknown}
 d - 3 scrolls of identify {unknown}
 n - a scroll of fog {unknown}
 p - a scroll of remove curse {unknown}
 q - a scroll of teleportation {unknown}
Potions
 g - a potion of magic {unknown}
 i - a potion of curing {unknown}
 j - a potion of degeneration
 m - a potion of heal wounds {unknown}
 o - a potion of cancellation {unknown}
Books
 b - a book of Flames

   Spells                             Type                      Level
   a - Flame Tongue                   Conjuration/Fire             1
   b - Throw Flame                    Conjuration/Fire             2
   c - Conjure Flame                  Conjuration/Fire             3
   d - Inner Flame                    Hexes/Fire                   3
   e - Sticky Flame                   Conjuration/Fire             4
   f - Fireball                       Conjuration/Fire             5
Comestibles
 c - 4 bread rations
 k - a chunk of flesh


   Skills:
 * Level 2.1 Fighting
 * Level 2.0 Axes
 * Level 1.0 Armour
 * Level 2.9 Dodging
 - Level 2.4 Stealth
 * Level 1.4 Shields
 - Level 2.1 Spellcasting
 + Level 1.5 Conjurations
 - Level 3.0 Fire Magic


You had 7 spell levels left.
You knew the following spells:

 Your Spells              Type           Power        Failure   Level  Hunger
a - Flame Tongue          Conj/Fire      #....        12%         1    #......


Dungeon Overview and Level Annotations

Branches:
Dungeon (3/15)

Altars:

Annotations:
D:3 Shredu92's ghost, average DDFi


Innate Abilities, Weirdness & Mutations

You are under a permanent stasis effect.
You can dig through walls and to a lower floor.
Your four strong arms can wield two-handed weapons with a shield.
You have a pair of large antennae on your head (SInv).


Message History

You extend your mandibles.
You dig through the rock wall.
The kobold barely misses you.
You dig through the rock wall.
You are feeling very hungry.
You dig through the rock wall.
The kobold unwields an uncursed whip.
The kobold wields an uncursed blowgun.
The kobold shoots a poisoned needle.
The poisoned needle misses you.
You see here a poisoned needle.
You dig through the rock wall.
You dig through the rock wall.
The kobold shoots a poisoned needle.
The poisoned needle misses you.
You see here a poisoned needle.
You dig through the rock wall.
You retract your mandibles.
The kobold shoots a poisoned needle.
You block the poisoned needle.
There is a stone staircase leading up here.
The kobold shoots a poisoned needle.
The poisoned needle hits you!
You are lethally poisoned!
You climb upwards.
You die...

########## .........#
########.######
####..........#
#..........##.#
#.##.###.#.##.########
.....# #.#.##...@....#
#.##.###........####.#
#.##.......<.##.# #.#
.....###...#.##.## #.#
#.##.###...#)....# #.#
..............#..# #.#
...)..##...##)#..# #.#
.....[.....##.#..# #.#
#....).....##.#..###.#######


There were no monsters in sight!

Vanquished Creatures
  Natasha (D:2)
  An adder (D:2)
  6 gnolls
  A worm (D:2)
  3 giant geckos
  2 ball pythons (D:2)
  4 bats
  A giant cockroach (D:2)
  5 hobgoblins
  2 jackals (D:1)
  A quokka (D:3)
  2 giant newts (D:1)
  9 goblins
  A kobold (D:1)
  4 rats
43 creatures vanquished.

Notes
Turn   | Place    | Note
--------------------------------------------------------------
     0 | D:1      | Herrn the Formicid Fire Elementalist began the quest for the Orb.
     0 | D:1      | Reached XP level 1. HP: 13/13 MP: 3/3
   328 | D:1      | Reached skill level 1 in Axes
   438 | D:1      | Reached XP level 2. HP: 12/20 MP: 0/5
   455 | D:1      | Reached skill level 1 in Conjurations
   725 | D:1      | Reached skill level 1 in Fighting
  1014 | D:2      | Reached XP level 3. HP: 26/26 MP: 3/6
  1465 | D:2      | Reached skill level 1 in Shields
  1465 | D:2      | Reached XP level 4. HP: 30/33 MP: 1/7
  1972 | D:2      | Noticed Natasha
  1988 | D:2      | Killed Natasha
  1988 | D:2      | Reached XP level 5. HP: 12/38 MP: 0/8
  2506 | D:3      | Noticed Shredu92's ghost (average DDFi)
  2621 | D:3      | Reached skill level 1 in Armour
  2643 | D:3      | HP: 1/38 [Shredu92's ghost (1)]
  2655 | D:2      | Succumbed to a kobold's poison

Vault maps used:
D:1:      dpeg_arrival_concentric_ovals, minmay_misc_feat_room,
          kennysheep_decorative_pillar, hangedman_decor_growths
D:2:      first_bread, uniq_natasha
D:3:      minmay_goblin_outpost

Action                   |  1- 3 |  4- 6 || total
-------------------------+-------+-------++-------
Melee: Hand axe          |    10 |    28 ||    38
 Cast: Flame Tongue      |    35 |    61 ||    96
 Abil: Dig               |       |     1 ||     1
  Use: Potion            |       |     1 ||     1
 Stab: Sleeping          |       |     1 ||     1
  Eat: Chunk             |     2 |     4 ||     6
